 Dungeon Crawl Stone Soup version 0.26-a0-466-g989023bd0d (webtiles) character file.

Game seed: 11467332503170093334

432 bmfx the Chiller (level 6, -3/64 HPs)
             Began as a Palentonga Ice Elementalist on July 30, 2020.
             Slain by Menkaure (16 damage)
             ... in an ossuary.
             The game lasted 00:10:36 (4820 turns).

bmfx the Chiller (Palentonga Ice Elementalist)      Turns: 4820, Time: 00:10:36

Health: -3/64      AC: 18    Str: 12    XL:     6   Next: 67%
Magic:  12/13      EV: 10    Int: 17    God:
Gold:   157        SH:  0    Dex: 10    Spells: 3/14 levels left

rFire    . . .     SeeInvis +   p - +2 flail (protect)
rCold    . . .     Faith    .   (no shield)
rNeg     . . .     Spirit   .   a - +0 robe
rPois    .         Reflect  .   c - +0 helmet
rElec    .         Harm     .   (no cloak)
rCorr    .                      (no gloves)
MR       .....                  (boots restricted)
Stlth    ..........             d - amulet of regeneration
HPRegen  0.60/turn              (no ring)
MPRegen  0.13/turn              (no ring)

@: berserking, icy armour, protection aura, very quick
A: large, rugged brown scales 3, see invisible, deformed body, roll, armoured
tail
a: Rolling Charge


You were in an ossuary.
You visited 1 branch of the dungeon, and saw 5 of its levels.
You also visited: Ossuary.

You collected 157 gold pieces.


Innate Abilities, Weirdness & Mutations

You are completely covered in rugged brown scales. (AC +3, +7% HP)
You have supernaturally acute eyesight. (SInv)
Armour fits poorly on your strangely shaped body.
You can roll at foes to attack.
You have a long armoured tail.

Dungeon Overview and Level Annotations

Branches:
Dungeon (5/15)            Ossuary (1/1)
 Temple: D:4-7

Altars:
Cheibriados
Dithmenos
Fedhas
Hepliaklqana
Kikubaaqudgha
Makhleb
Uskayaw
Wu Jian
Yredelemnul
Zin
The Shining One

Annotations:
D:2 1 runed translucent door, Crazy Yiuf Ossuary Menkaure


   Skills:
 - Level 1.5 Dodging
 - Level 1.2 Stealth
 + Level 4.9 Spellcasting
 + Level 5.2 Ice Magic


You had 3 spell levels left.
You knew the following spells:

 Your Spells              Type           Power        Failure   Level
A - Freeze                Ice            ###.         1%          1
B - Frozen Ramparts       Ice            ###...       4%          3
C - Ozocubu's Armour      Ice            ###.....     4%          3
D - Hailstorm             Conj/Ice       ##......     43%         4

Your spell library contained the following spells:

 Spells                   Type           Power        Failure   Level
 Animate Skeleton         Necr           #.....       14%         1
 Apportation              Tloc           #.....       14%         1
 Corona                   Hex            #......      14%         1
 Summon Small Mammal      Summ           #...         14%         1
 Summon Ice Beast         Ice/Summ       ##......     43%         4

Action                   |  1- 3 |  4- 6 || total
-------------------------+-------+-------++-------
Melee: Short sword       |     4 |       ||     4
       Mace              |     3 |     7 ||    10
       Tailslap          |     2 |    18 ||    20
       Flail             |       |   142 ||   142
       Spear             |       |    29 ||    29
Throw: Dart              |    17 |     7 ||    24
 Cast: Freeze            |    63 |     6 ||    69
       Frozen Ramparts   |       |    16 ||    16
       Ozocubu's Armour  |       |    14 ||    14
 Abil: Rolling Charge    |     2 |     1 ||     3
  Use: Scroll            |     4 |     4 ||     8
       Potion            |       |     3 ||     3
 Stab: Sleeping          |     1 |       ||     1
Armor: Robe              |    20 |    67 ||    87
Dodge: Dodged            |    22 |    91 ||   113

Skill      XL: |  1  2  3  4  5 |
---------------+----------------+-----
Spellcasting   | 3 4 |  4.9
Ice Magic      | 4 5 |  5.2
Dodging        | |  1.5
Stealth        | |  1.2

Inventory:

Hand Weapons
 j - a +2 spear of venom
 p - a +2 flail of protection (weapon)
Missiles
 n - 13 poisoned darts (quivered)
Armour
 a - a +0 robe (worn)
 c - a +0 helmet (worn)
 i - a +0 tower shield
Jewellery
 d - an amulet of regeneration (around neck)
Scrolls
 b - a scroll of fear
 e - a scroll of enchant armour {unknown}
 l - 2 scrolls of teleportation
 o - 2 scrolls of remove curse {@r4}
Potions
 g - 2 potions of brilliance
 h - 2 potions of stabbing
 k - a potion of lignification {unknown}
 m - 3 potions of flight {unknown}
 q - 4 potions of curing {unknown}
 r - a potion of degeneration {unknown}

#.^##..##^.####..##.^##..##
..##..##..##!?##^.##..##..##
.##..##..##???!##..##..##..##
##..##..## M.!.?##..##.^##.^##
#..##..## !∩∩?M.##^.##..##..##
.^##..## ..?.^.^##..##..##..##
.##..## .M!^M^.^##..##..##..##
##..##############''##..##..##..#
#.........^...^.@M...##..##..##..
########################..##..##.
........^.^................##..##
##############################..#
..^..............^...............
#################################


You could see Menkaure (fast).

Vanquished Creatures
  Edmund (D:4)
  A crimson imp (D:4)
  An orc priest (D:3)
  An orc wizard (D:4)
  2 mummies (Ossuary)
  Robin (D:3)
  4 gnolls (D:3)
  An adder (D:3)
  A white imp (D:4)
  2 worms
  2 dart slugs (D:1)
  3 leopard geckos
  10 orcs
  A ball python (D:2)
  3 giant cockroaches
  7 gnoll zombies (Ossuary)
  12 goblins
  7 hobgoblins
  3 jackals (D:2)
  A quokka (D:2)
  9 bats
  4 frilled lizards
  4 gnoll skeletons (Ossuary)
  4 goblin skeletons (Ossuary)
  3 goblin zombies (Ossuary)
  4 hobgoblin skeletons (Ossuary)
  5 hobgoblin zombies (Ossuary)
  A jackal skeleton (D:3)
  6 kobolds
  3 kobold skeletons (Ossuary)
  2 kobold zombies (Ossuary)
  3 orc skeletons (Ossuary)
  An orc zombie (Ossuary)
  7 rats
  5 rat skeletons (Ossuary)
  7 rat zombies (Ossuary)
132 creatures vanquished.

Vanquished Creatures (others)
  2 hobgoblin skeletons (Ossuary)
2 creatures vanquished.

Grand Total: 134 creatures vanquished

Levels and vault maps discovered:
D:1:      minmay_arrival_three_doors, layout_loops_ring,
          minmay_misc_feat_secret_circle
D:2:      layout_loops_ring, lemuel_coloured_pillars_altar,
          grunt_decor_one_mirror, uniq_crazy_yiuf_cottage
D:3:      layout_basic, grunt_dithmenos_smoke,
          chequers_temple_overflow_minitemple, uniq_robin
D:4:      layout_basic, kennysheep_little_box, nicolae_overflow_hidden_temple,
          kennysheep_mini_moat, minmay_fire_ice_demons, uniq_edmund
D:5:      layout_rooms, yredelemnul_altar_generic, portal_sewer_entry_b,
          nicolae_ossuary_entry_false_entrances, kennysheep_small_spiral
Ossuary:  ossuary_due_pyramid


Message History

Menkaure is heavily damaged.
Menkaure hits you!
You thump Menkaure!
Menkaure is severely damaged.
Menkaure casts a spell at you. Pain shoots through your body!
You hit Menkaure.
Menkaure is almost destroyed.
Menkaure calls on the powers of darkness!
Your body is wracked with pain!
Menkaure calls on the powers of darkness!
Your body is wracked with pain!
* * * LOW HITPOINT WARNING * * *
You closely miss Menkaure.
Menkaure is almost destroyed.
Menkaure barely misses you.
You closely miss Menkaure.
Menkaure is almost destroyed.
Menkaure hits you!
You die...

Notes
Turn   | Place    | Note
-------+----------+-------------------------------------------
     0 | D:1      | bmfx the Palentonga Ice Elementalist began the quest for
                  | the Orb.
     0 | D:1      | Reached XP level 1. HP: 13/13 MP: 3/3
   307 | D:1      | Reached XP level 2. HP: 15/20 MP: 0/5
  1332 | D:2      | Reached XP level 3. HP: 25/25 MP: 5/7
  1337 | D:2      | Learned a level 3 spell: Frozen Ramparts
  1341 | D:2      | Learned a level 3 spell: Ozocubu's Armour
  1470 | D:2      | Found a runed translucent door.
  1471 | D:2      | Noticed Crazy Yiuf
  1948 | D:2      | Found a snail-covered altar of Cheibriados.
  2213 | D:3      | Reached skill level 4 in Ice Magic
  2213 | D:3      | Reached XP level 4. HP: 29/32 MP: 1/8
  2393 | D:3      | Noticed Robin
  2415 | D:3      | Killed Robin
  2732 | D:3      | Reached XP level 5. HP: 37/37 MP: 3/10
  2966 | D:3      | Found a shadowy altar of Dithmenos.
  3310 | D:3      | Found an ornate altar of the Wu Jian Council.
  3310 | D:3      | Found a glowing golden altar of the Shining One.
  3315 | D:3      | Found a hide-covered altar of Uskayaw.
  3317 | D:3      | Found a glowing silver altar of Zin.
  3318 | D:3      | Found a hazy altar of Hepliaklqana.
  3491 | D:4      | Found a burning altar of Makhleb.
  3523 | D:4      | Learned a level 4 spell: Hailstorm
  3627 | D:4      | Found an ancient bone altar of Kikubaaqudgha.
  3877 | D:4      | Noticed Edmund
  3896 | D:4      | Killed Edmund
  3896 | D:4      | Reached skill level 5 in Ice Magic
  3896 | D:4      | Reached XP level 6. HP: 42/43 MP: 3/12
  4212 | D:4      | Found a blossoming altar of Fedhas.
  4388 | D:5      | Entered Level 5 of the Dungeon
  4393 | D:5      | Found a basalt altar of Yredelemnul.
  4409 | D:5      | Found a sand-covered staircase.
  4413 | Ossuary  | Entered an ossuary
  4800 | Ossuary  | Noticed Menkaure
  4820 | Ossuary  | Slain by Menkaure
